 Dungeon Crawl Stone Soup version 0.27.1 (webtiles) character file.

Game seed: 5714177845731210703

69 r3algoood the Conjurer (level 4, -2/24 HPs)
             Began as a Deep Elf Conjurer on Aug 31, 2021.
             Slain by Natasha (8 damage)
             ... on level 2 of the Dungeon.
             The game lasted 00:03:26 (1943 turns).

r3algoood the Conjurer (Deep Elf Conjurer)          Turns: 1943, Time: 00:03:26

Health: -2/24      AC:  2    Str:  4    XL:     4   Next: 2%
Magic:  10/11      EV: 12    Int: 24    God:
Gold:   31         SH:  0    Dex: 13    Spells: 9/10 levels left

rFire    . . .     SeeInvis .   h - +0 whip (freeze)
rCold    . . .     Faith    .   (no shield)
rNeg     . . .     Spirit   .   a - +0 robe
rPois    .         Reflect  .   (no helmet)
rElec    .         Harm     .   (no cloak)
rCorr    .         Rampage  .   (no gloves)
Will     .....                  (no boots)
Stlth    ++........             (no amulet)
HPRegen  0.08/turn              (no ring)
MPRegen  0.12/turn              (no ring)

@: no status effects
A: no striking features
a: no special abilities


You were on level 2 of the Dungeon.
You visited 1 branch of the dungeon, and saw 2 of its levels.

You collected 31 gold pieces.

Inventory:

Hand Weapons
 h - a +0 whip of freezing (weapon)
Armour
 a - a +0 robe (worn)
Scrolls
 b - 2 scrolls of teleportation {unknown}
 d - 2 scrolls of identify {unknown}
 f - a scroll of enchant armour {unknown}
Potions
 c - a potion of invisibility {unknown}
 e - 3 potions of lignification {unknown}
 g - a potion of berserk rage {unknown}


   Skills:
 + Level 2.7 Dodging
 + Level 2.7 Stealth
 + Level 3.7 Spellcasting
 + Level 5.6 Conjurations


You had 9 spell levels left.
You knew the following spells:

 Your Spells              Type           Power      Damage    Failure   Level
a - Magic Dart            Conj           100%       1d8       1%          1

Your spell library contained the following spells:

 Spells                   Type           Power      Damage    Failure   Level
 Searing Ray              Conj           62%        3d5       1%          2
 Dazzling Flash           Conj/Hex       36%        N/A       10%         3
 Fulminant Prism          Conj/Hex       9%         3d7       30%         4
 Iskenderun's Mystic Bla  Conj/Tloc      18%        2d6       30%         4


Dungeon Overview and Level Annotations

Branches:
Dungeon (2/15)

Altars:

Annotations:
D:2 Natasha


Message History

Natasha zaps a wand.
You turn into an insubstantial wisp.
Your +0 whip of freezing melds into your body.
Your +0 robe melds into your body.
Your +0 whip of freezing stops glowing.
Natasha stares at you and mumbles some strange words.
The magic dart hits you.
There is an open door here.
Natasha mumbles some strange words.
Natasha shimmers violently.
Natasha casts a spell.
Natasha wildly gestures.
You feel troubled.
Natasha casts a spell.
You reach down and open the door.
Your transformation is almost over.
There is an open door here.
The crimson imp blinks!
Natasha zaps a wand.
You resist with some effort.
Natasha zaps a wand.
You resist with some effort.
Natasha zaps a wand.
You resist with some effort.
Natasha stares at you and mumbles some strange words.
The magic dart hits you!
Your transformation has ended.
Your +0 whip of freezing unmelds from your body.
Your +0 robe unmelds from your body.
Your +0 whip of freezing glows with a cold blue light!
Natasha stares at you and mumbles some strange words.
The magic dart hits you!
* * * LOW HITPOINT WARNING * * *
Natasha zaps a wand.
You resist with some effort.
Casting: Magic Dart (safe; 1% risk of failure)
Confirm with . or Enter, or press ? or * to list all spells.
Aiming: Magic Dart (safe; 1% risk of failure)
Press: ? - help, Shift-Dir - straight line, f/p - Natasha
Aim: Natasha, carrying a wand of polymorph (3) (heavily wounded, 100% to hit)
The magic dart hits Natasha.
Natasha is severely wounded.
Natasha barely misses you.
You hit Natasha. You freeze Natasha.
Natasha is almost dead.
Natasha claws you!
You die...

.......P#...P.PP
........_....P..
.P...P.P#.P.P.PP
#P..P...#.P.PP.P
#.......#..P..PP##
.###...P#P..P###.#
....#########.##.#
.55..'.......###.#
.....###.......h@#
....## ###.#.#####
..>## ###.# ..##
#.# +## #.# #.#
#.# #.#


You could see Natasha.

Vanquished Creatures
  Natasha (D:2)
  A worm (D:2)
  4 ball pythons
  5 bats
  4 endoplasms
  2 giant cockroaches (D:2)
  3 goblins (D:1)
  2 hobgoblins
  7 jackals
  4 kobolds
  A frilled lizard (D:1)
  3 rats
37 creatures vanquished.

Notes
Turn   | Place    | Note
-------+----------+-------------------------------------------
     0 | D:1      | r3algoood the Deep Elf Conjurer began the quest for the
                  | Orb.
     0 | D:1      | Reached XP level 1. HP: 10/10 MP: 6/6
   503 | D:1      | Reached XP level 2. HP: 15/15 MP: 6/8
   763 | D:1      | Reached skill level 5 in Conjurations
  1278 | D:2      | Reached XP level 3. HP: 19/19 MP: 7/9
  1376 | D:2      | Found a faded altar of an unknown god.
  1532 | D:2      | Noticed Natasha
  1541 | D:2      | Killed Natasha
  1705 | D:2      | Reached XP level 4. HP: 14/24 MP: 3/11
  1907 | D:2      | Noticed Natasha
  1943 | D:2      | Slain by Natasha

Illustrated notes

Levels and vault maps discovered:
D:1:      dpeg_arrival_round_c, layout_basic
D:2:      layout_loops_corners, basic_altar, shapermc_ecumenical_altar_gd,
          uniq_natasha

Skill      XL: |  1  2 |
---------------+-------+-----
Conjurations   | 5 |  5.6
Dodging        | |  2.7
Stealth        | |  2.7
Spellcasting   | |  3.7

Action                   |  1- 3 |  4- 6 || total
-------------------------+-------+-------++-------
Melee: Unarmed           |     1 |       ||     1
       Whip              |       |     1 ||     1
 Cast: Magic Dart        |    76 |     3 ||    79
Armor: Robe              |     2 |       ||     2
Dodge: Dodged            |    11 |     1 ||    12
